 Dungeon Crawl Stone Soup version 0.19-a0-713-g934ebc7 (webtiles) character file.

7624 Dorikus the Blocker (level 11, -4/97 HPs)
             Began as a Hill Orc Fighter on June 20, 2016.
             Was a High Priest of Okawaru.
             Slain by a six-headed hydra (8 damage)
             ... on level 1 of the Lair of Beasts.
             The game lasted 01:00:42 (9809 turns).

Dorikus the Blocker (Hill Orc Fighter)              Turns: 9809, Time: 01:00:43

Health: -4/97      AC: 21    Str: 21    XL:     11   Next: 18%
Magic:  11/11      EV:  9    Int:  8    God:    Okawaru [*****.]
Gold:   412        SH: 18    Dex: 14    Spells: 0 memorised, 10 levels left

rFire  . . .     SeeInvis +     t - +0 short sword
rCold  . . .     Gourm    .     F - +4 chain mail
rNeg   . . .     Faith    .     c - +1 shield
rPois  +         Spirit   .     (helmet restricted)
rElec  .         Dismiss  .     e - +0 cloak
rCorr  +         Reflect  +     p - +0 pair of gloves
SustAt .         Harm     .     (no boots)
MR     .....     Clarity  +     a - +5 amulet of reflection
Stlth  ..........               h - ring of poison resistance
                                s - ring of resist corrosion

@: flying, not resistant to hostile enchantments, extremely unstealthy
A: hooves 1, horns 1, iridescent scales 1, see invisible, agile 1, clarity
a: Heroism, Finesse, Renounce Religion


You were on level 1 of the Lair of Beasts.
You worshipped Okawaru.
Okawaru was extremely pleased with you.
You were not hungry.

You visited 3 branches of the dungeon, and saw 11 of its levels.

You collected 412 gold pieces.

Inventory:

Hand Weapons
 t - a +0 short sword (weapon)
 u - a +2 scimitar
 D - a +0 shortbow
 L - a +0 hand crossbow
Missiles
 g - 205 arrows
 w - 55 bolts
Armour
 c - a +1 shield (worn)
 e - a +0 cloak (worn)
 p - a +0 pair of gloves (worn)
 B - a +1 helmet
 F - a +4 chain mail (worn)
Jewellery
 a - a +5 amulet of reflection (around neck)
 b - an uncursed ring of wizardry
 h - a ring of poison resistance (right hand)
 j - a +4 ring of evasion
 s - a ring of resist corrosion (left hand)
Wands
 o - a wand of paralysis (18/24)
 A - a wand of iceblast (5/15)
 J - a wand of flame (30/48)
 K - a wand of iceblast (8/15)
Scrolls
 y - 3 scrolls of remove curse
 I - 3 scrolls of fog
Potions
 i - 2 potions of flight
 k - a potion of ambrosia
 l - a potion of lignification
 q - a potion of cure mutation
 v - a potion of cancellation {unknown}
 x - 3 potions of brilliance
 z - a potion of agility {unknown}
Books
 H - a book of Transfigurations

   Spells                             Type                      Level
   a - Irradiate                      Conjuration/Transmutation    5
   b - Statue Form                    Transmutation/Earth          6
   c - Hydra Form                     Transmutation                6
   d - Dragon Form                    Transmutation                7
Comestibles
 f - 5 bread rations
 m - 8 meat rations
 n - 10 slices of pizza
 E - 2 beef jerkies


   Skills:
 * Level 9.4 Fighting
 + Level 0.2(5.4) Short Blades
 * Level 9.7 Long Blades
 * Level 8.5 Armour
 + Level 4.1 Dodging
 + Level 0.8 Stealth
 * Level 10.4 Shields


You had 10 spell levels left.
You didn't know any spells.

Dungeon Overview and Level Annotations

Branches:
Dungeon (9/15)             Temple (1/1) D:5            Lair (1/6) D:9
    Orc: D:9-12

Altars:
Ashenzari
Cheibriados
Dithmenos
Elyvilon
Fedhas
Gozag
Hepliaklqana
Kikubaaqudgha
Makhleb
Nemelex Xobeh
Okawaru
Pakellas
Qazlal
Ru
Sif Muna
Trog
Uskayaw
Vehumet
Xom
Yredelemnul
Zin
The Shining One


Innate Abilities, Weirdness & Mutations

You have large cloven feet.
You have a pair of small horns on your head.
You are partially covered in iridescent scales. (AC +4)
You have supernaturally acute eyesight. (SInv)
You are agile. (Dex +2)
You possess an exceptional clarity of mind.


Message History

The six-headed hydra is heavily wounded.
The six-headed hydra completely misses you.
The six-headed hydra bites you but does no damage. x2
You block the six-headed hydra's attack. x2
The six-headed hydra bites you but does no damage.
You puncture the six-headed hydra!
You kick the six-headed hydra, but do no damage.
The six-headed hydra is heavily wounded.
The six-headed hydra closely misses you.
You block the six-headed hydra's attack.
The six-headed hydra bites you but does no damage.
You block the six-headed hydra's attack.
The six-headed hydra bites you but does no damage.
The six-headed hydra bites you!
* * * LOW HITPOINT WARNING * * *
You barely miss the six-headed hydra.
You kick the six-headed hydra, but do no damage.
The six-headed hydra is heavily wounded.
The six-headed hydra bites you!
You die...

............###...#
............##....######
........[..............#
##....##....D..........#
##....##...............#
##....##...#####.###P.#
†...♣P♣;...# #.#
##.♣≈P≈≈...# ##D#
##≈≈≈P≈♣♣≈.# #P@#
♣♣♣♣≈≈≈≈♣♣≈# #PP#
≈P≈;P≈♣≈≈P #..#
♣♣≈≈≈≈≈≈P≈ #... ♣
≈♣≈≈≈♣≈ ##.. ♣


P≈P≈P ...# ≈P≈P≈≈ #..# P≈P≈≈≈ #..# ≈≈≈≈≈≈ You could see a six-headed hydra.

Vanquished Creatures
  A hydra (Lair:1)
  The ghost of Dorikus the Shield-Bearer, a novice HOFi (D:5)
  A troll (D:6)
  5 blink frogs (Lair:1)
  A wyvern (D:9)
  4 yaks
  A human (D:7)
  3 hippogriffs
  A water moccasin (Lair:1)
  A porcupine (Lair:1)
  4 orc warriors
  4 sky beasts
  An ice beast (D:5)
  2 phantoms
  4 ogres
  2 centaurs
  The ghost of runewalsh the Insei, an amateur OpTm (D:3)
  2 crocodiles
  A big kobold (D:9)
  5 giant frogs
  3 scorpions
  A water moccasin skeleton (D:8)
  5 howler monkeys
  3 crimson imps
  A giant frog zombie (D:5)
  4 jellies
  An orc priest (D:9)
  7 hounds
  6 orc wizards
  6 iguanas
  Terence (D:2)
  9 worker ants
  3 sheep (D:7)
  A hound zombie (D:7)
  Robin (D:4)
  A howler monkey skeleton (D:6)
  5 gnolls
  11 adders
  12 river rats (Lair:1)
  2 oozes (D:6)
  2 worms
  A dart slug (D:1)
  7 giant geckos
  32 orcs
  4 ball pythons
  3 bats
  4 giant cockroaches
  16 goblins
  12 hobgoblins
  2 jackals (D:7)
  8 kobolds
  4 quokkas
  A giant gecko zombie (D:7)
  8 giant newts
  2 quokka skeletons
  A quokka zombie (D:6)
  15 rats
250 creatures vanquished.

Vanquished Creatures (others)
  A plant (Lair:1)
1 creature vanquished.

Grand Total: 251 creatures vanquished

Notes
Turn   | Place    | Note
--------------------------------------------------------------
     0 | D:1      | Dorikus the Hill Orc Fighter began the quest for the Orb.
     0 | D:1      | Reached XP level 1. HP: 19/19 MP: 1/1
   206 | D:1      | Reached XP level 2. HP: 27/27 MP: 2/2
   468 | D:1      | Found a glowing golden altar of the Shining One.
   717 | D:2      | Reached XP level 3. HP: 33/33 MP: 3/3
   773 | D:2      | Noticed Terence
   789 | D:2      | Killed Terence
   789 | D:2      | Reached skill level 4 in Shields
   789 | D:2      | Reached XP level 4. HP: 22/40 MP: 4/4
  1468 | D:2      | Reached XP level 5. HP: 45/47 MP: 5/5
  1767 | D:3      | Noticed runewalsh's ghost (amateur OpTm)
  1791 | D:3      | Killed runewalsh's ghost
  2135 | D:3      | Found a sacrificial altar of Ru.
  2217 | D:3      | Reached skill level 1 in Dodging
  2217 | D:3      | Reached XP level 6. HP: 53/55 MP: 6/6
  2787 | D:4      | Reached skill level 5 in Fighting
  2817 | D:4      | Reached skill level 5 in Armour
  3179 | D:4      | Reached skill level 5 in Shields
  3237 | D:4      | Noticed Robin
  3246 | D:4      | Killed Robin
  3717 | D:5      | Entered Level 5 of the Dungeon
  3726 | D:5      | Reached XP level 7. HP: 56/61 MP: 7/7
  4020 | D:5      | Found a staircase to the Ecumenical Temple.
  4031 | Temple   | Entered the Ecumenical Temple
  4099 | Temple   | Became a worshipper of Warmaster Okawaru
  4291 | D:5      | Reached skill level 5 in Long Blades
  4312 | D:5      | Reached skill level 6 in Shields
  4312 | D:5      | Reached XP level 8. HP: 44/70 MP: 8/8
  4394 | D:5      | Noticed Dorikus's ghost (novice HOFi)
  4418 | D:5      | Killed Dorikus's ghost
  4418 | D:5      | Reached * piety under Okawaru
  4683 | D:6      | Noticed a troll
  4700 | D:6      | Killed a troll
  4705 | D:6      | Reached XP level 9. HP: 13/79 MP: 9/9
  5037 | D:6      | Reached skill level 7 in Shields
  5123 | D:6      | Reached ** piety under Okawaru
  6296 | D:7      | Reached skill level 8 in Shields
  6375 | D:7      | Reached *** piety under Okawaru
  7004 | D:8      | Reached XP level 10. HP: 69/88 MP: 10/10
  8013 | D:9      | Gained mutation: You are dopey. (Int -2) [mutagenic meat]
  8014 | D:9      | Gained mutation: You possess an exceptional clarity of mind. [mutagenic meat]
  8015 | D:9      | Gained mutation: You have large cloven feet. [mutagenic meat]
  8016 | D:9      | Gained mutation: You are partially covered in iridescent scales. (AC +4) [mutagenic meat]
  8315 | D:9      | Reached **** piety under Okawaru
  8472 | D:9      | Found a white marble altar of Elyvilon.
  8683 | D:9      | Found a staircase to the Lair.
  8849 | D:9      | Reached skill level 9 in Shields
  9028 | Lair:1   | Entered Level 1 of the Lair of Beasts
  9487 | Lair:1   | Reached XP level 11. HP: 97/97 MP: 11/11
  9492 | Lair:1   | Gained mutation: You have a pair of small horns on your head. [potion of mutation]
  9492 | Lair:1   | Gained mutation: You have supernaturally acute eyesight. (SInv) [potion of mutation]
  9492 | Lair:1   | Gained mutation: You have a pair of horns on your head. [potion of mutation]
  9493 | Lair:1   | Lost mutation: You are dopey. (Int -2) [potion of mutation]
  9493 | Lair:1   | Gained mutation: You are agile. (Dex +2) [potion of mutation]
  9493 | Lair:1   | Lost mutation: You have a pair of horns on your head. [potion of mutation]
  9564 | Lair:1   | Reached skill level 10 in Shields
  9580 | Lair:1   | Reached ***** piety under Okawaru
  9744 | Lair:1   | Noticed a six-headed hydra
  9748 | Lair:1   | Noticed a four-headed hydra
  9782 | Lair:1   | Killed a four-headed hydra
  9808 | Lair:1   | HP: 4/97 [six-headed hydra (7)]
  9809 | Lair:1   | Slain by a six-headed hydra

Vault maps used:
D:1:      ncdulo_watergridlock, tso_altar
D:2:      uniq_terence
D:3:      nicolae_ru_awakened_eye, first_bread
D:4:      portal_sewer_entry_e, hangedman_abyss_or_decor_stagger,
          hangedman_abyss_or_decor_passed, st_stairs_7,
          minmay_misc_feat_encased, uniq_robin
D:5:      minmay_temple_entry_butterflies, wad_floor_pattern_untrapped,
          kennysheep_generic_room_6
D:7:      grunt_livestock, roderic_serpentine_path, sigmund_army
D:8:      serial_corexii_hall, corexii_hall_statues_s, corexii_hall_statues_s
D:9:      elyvilon_altar_3, lair_0_dummy
Temple:   dpeg_circular_temple_20
Lair:1:   serial_bayou, serial_bayou_pond_b, serial_bayou_pond_c,
          serial_bayou_pond_d, serial_bayou_lake_a, serial_bayou_pond_d

Skill      XL: |  1  2  3  4  5  6  7  8  9 10 11 |
---------------+----------------------------------+-----
Fighting       | 4 5 6 7 8 9 |  9.4
Armour         | 4 5 6 7 8 |  8.5
Shields        | 4 5 6 8 9 10 | 10.4
Long Blades    | 3 4 5 6 8 9 |  9.7
Dodging        | 1 2 3 4 |  4.1
Short Blades   | |  0.2
Stealth        | |  0.8

Action                   |  1- 3 |  4- 6 |  7- 9 | 10-12 || total
-------------------------+-------+-------+-------+-------++-------
Melee: Long sword        |    93 |   117 |       |       ||   210
       Scimitar          |       |   194 |   408 |   389 ||   991
       Kick              |       |       |       |   110 ||   110
       Short sword       |       |       |       |    35 ||    35
       Headbutt          |       |       |       |    23 ||    23
Invok: Heroism           |       |       |       |     1 ||     1
Evoke: Wand              |       |       |       |     1 ||     1
  Use: Scroll            |     5 |     5 |     4 |     7 ||    21
       Potion            |       |       |     2 |     8 ||    10
  Eat: Chunk             |       |     9 |    12 |    12 ||    33
       Fruit             |       |       |       |     2 ||     2
Armor: Scale mail        |    35 |    98 |   110 |       ||   243
       Chain mail        |       |       |     4 |   205 ||   209
Dodge: Dodged            |    27 |   136 |   175 |   111 ||   449
Block: Shield            |    43 |   183 |   231 |   337 ||   794
       Other             |       |       |       |     2 ||     2
